 Dungeon Sprint DCSS version 0.21-a0-278-ga722497 (webtiles) character file.

129 Kidiri the Skirmisher (level 4, -1/44 HPs)
             Began as a Draconian Monk on Sept 20, 2017.
             Was a Priest of Wu Jian.
             Slain by a slave (9 damage)
             ... led by Pikel
             ... in the Dungeon (Sprint VII: "The Pits").
             The game lasted 00:02:01 (400 turns).

Kidiri the Skirmisher (Draconian Monk)               Turns: 400, Time: 00:02:02

Health: -1/44      AC:  5    Str: 13    XL:     4   Next: 88%
Magic:  4/4        EV: 15    Int: 11    God:    Wu Jian [***...]
Gold:   0          SH:  0    Dex: 14    Spells: 3/3 levels left

rFire    . . .     SeeInvis .     - Unarmed
rCold    . . .     Gourm    .   (no shield)
rNeg     . . .     Faith    .   (armour unavailable)
rPois    .         Spirit   .   (helmet restricted)
rElec    .         Reflect  .   (no cloak)
rCorr    .         Harm     .   (no gloves)
MR       .....     NoTele   +   (no boots)
Stlth    ++........             (no amulet)
HPRegen  0.14/turn              (no ring)
MPRegen  0.09/turn              (no ring)

@: exhausted, berserk cooldown, slowed, very slow
A: unfitting armour, cold-blooded, AC +5
a: Renounce Religion


You were in the Dungeon.
You worshipped Wu Jian.
Wu Jian was most pleased with you.
You were not hungry.

You visited 1 branch

Inventory:

Scrolls
 g - a scroll of blinking
 i - 3 scrolls of remove curse
 j - 5 scrolls of amnesia
 k - a scroll of summoning
Potions
 b - a potion of curing
 d - a potion of haste
 e - 4 potions of magic
 f - 2 potions of berserk rage
 h - 2 potions of invisibility
Comestibles
 a - 8 bread rations
 l - 40 fruits
 m - 7 meat rations


   Skills:
 * Level 6.3 Fighting
 + Level 2.9 Throwing
 * Level 5.0 Dodging
 + Level 3.8 Stealth
 * Level 5.7 Unarmed Combat


You had 3 spell levels left.
You didn't know any spells.

Dungeon Overview and Level Annotations

Branches:
Dungeon (1/1)

Altars:
Ashenzari
Cheibriados
Dithmenos
Elyvilon
Fedhas
Gozag
Hepliaklqana
Kikubaaqudgha
Makhleb
Nemelex Xobeh
Okawaru
Qazlal
Ru
Sif Muna
Trog
Uskayaw
Vehumet
Wu Jian
Xom
Yredelemnul
Zin
The Shining One
Beogh
Jiyva
Lugonu

Annotations:
D Pikel


Innate Abilities, Weirdness & Mutations

Your plain brown scales are hard. (AC +5)
You cannot fit into any form of body armour.
You are cold-blooded and may be slowed by cold attacks.


Message History

Unknown command.
You hit the slave but do no damage.
The slave is severely wounded.
You are no longer berserk.
You are exhausted.
You feel yourself slow down. The slave completely misses you.
Unknown command.
Your muscles tense, ready for explosive movement...
You can no longer briefly move at supernatural speeds.
Swooosh!
You lunge with incredible momentum at the slave.
You miss the slave.
You tail-slap the slave, but do no damage.
The slave is severely wounded.
ZOOOM!
Unknown command.
You hit the slave.
The slave is almost dead.
The slave hits you!
You die...

############
#_________.#
#_________.#
#_______...###########
##########+##.........
#.?(.+)))+.##......#..
##########.##.........
#...§@pp)...'.........
#+#####K#####......#..
#...†.# #.........
#.....# ####+#####
###'### #.......#
#...).# #.......#
#.....# #.......#
####'## #...<...#
#Gr.pp..p##.......#


You could see Pikel and 2 slaves.

Vanquished Creatures
  A floating eye (D)
  A slave (D)
  An adder (D)
  A river rat (D)
  A giant cockroach (D)
  A hobgoblin (D)
  4 jackals (D)
  A kobold (D)
11 creatures vanquished.

Notes
Turn   | Place    | Note
-------+----------+-------------------------------------------
     0 | D        | Kidiri the Draconian Monk began the quest for the Orb.
     0 | D        | Reached XP level 1. HP: 19/19 MP: 1/1
    19 | D        | Reached skill level 1 in Throwing
    19 | D        | Reached XP level 2. HP: 17/27 MP: 2/2
    48 | D        | Found a bloodstained altar of Trog.
    48 | D        | Found a deep blue altar of Sif Muna.
    48 | D        | Found a viscous altar of Jiyva.
    48 | D        | Found a hazy altar of Hepliaklqana.
    48 | D        | Found an opulent altar of Gozag.
    49 | D        | Found a glowing golden altar of the Shining One.
    49 | D        | Found a glowing silver altar of Zin.
    49 | D        | Found a basalt altar of Yredelemnul.
    49 | D        | Found a shimmering altar of Xom.
    49 | D        | Found an ornate altar of the Wu Jian Council.
    49 | D        | Found a sacrificial altar of Ru.
    49 | D        | Found a stormy altar of Qazlal.
    49 | D        | Found an iron altar of Okawaru.
    49 | D        | Found a sparkling altar of Nemelex Xobeh.
    49 | D        | Found a burning altar of Makhleb.
    49 | D        | Found a blossoming altar of Fedhas.
    49 | D        | Found a white marble altar of Elyvilon.
    49 | D        | Found a shadowy altar of Dithmenos.
    49 | D        | Found a snail-covered altar of Cheibriados.
    51 | D        | Found a radiant altar of Vehumet.
    51 | D        | Found a corrupted altar of Lugonu.
    51 | D        | Found a roughly hewn altar of Beogh.
    52 | D        | Found a hide-covered altar of Uskayaw.
    52 | D        | Found an ancient bone altar of Kikubaaqudgha.
    52 | D        | Found a shattered altar of Ashenzari.
    64 | D        | Became a worshipper of the Wu Jian Council
    64 | D        | Reached * piety under Wu Jian
    64 | D        | Reached ** piety under Wu Jian
   144 | D        | Reached skill level 4 in Fighting
   159 | D        | Reached *** piety under Wu Jian
   367 | D        | Noticed a slave
   367 | D        | Noticed a slave
   368 | D        | Noticed a floating eye
   368 | D        | Noticed Pikel
   368 | D        | Noticed a slave
   368 | D        | Noticed a slave
   378 | D        | Paralysed by a floating eye for 4 turns
   385 | D        | Paralysed by a floating eye for 2 turns
   391 | D        | Killed a slave
   393 | D        | Killed a floating eye
   393 | D        | Reached **** piety under Wu Jian
   393 | D        | Reached skill level 6 in Fighting
   393 | D        | Reached skill level 5 in Dodging
   393 | D        | Reached skill level 5 in Unarmed Combat
   393 | D        | Reached XP level 3. HP: 11/37 MP: 3/3
   393 | D        | Reached XP level 4. HP: 13/44 MP: 4/4
   400 | D        | Slain by a slave

Vault maps used:
D:        pitsprint

Skill      XL: |  1  2 |
---------------+-------+-----
Throwing       | 1 2 |  2.9
Dodging        | 3 5 |  5.0
Stealth        | 2 3 |  3.8
Fighting       | 6 |  6.3
Unarmed Combat | 5 |  5.7

Action                   |  1- 3 |  4- 6 || total
-------------------------+-------+-------++-------
Melee: Unarmed           |    58 |     7 ||    65
       Tailslap          |     4 |     1 ||     5
Invok: Serpent's Lash    |       |     1 ||     1
  Use: Potion            |     2 |       ||     2
 Stab: Sleeping          |     1 |       ||     1
Armor: Skin              |    14 |       ||    14
Dodge: Dodged            |    28 |     3 ||    31

Table legend:
 A = Spawn XP
 B = Non-spawn XP
 C = Spawn XP percentage of total XP
 D = Spawn monster count
 E = Non-spawn monster count
 F = Spawn count percentage of total count
 G = Total turns spent on level
                    A         B        C        D         E        F      G
               +---------+---------+-------+---------+---------+-------+---------
         Total |       0 |     185 |   0.0 |       0 |      10 |   0.0 |   400
               +---------+---------+-------+---------+---------+-------+---------
             D |       0 |     185 |   0.0 |       0 |      10 |   0.0 |   400
               +---------+---------+-------+---------+---------+-------+---------
